 Dungeon Crawl Stone Soup version 0.17.0-25-gefc9c12 (console) character file.

1096 gw the Grave Robber (level 8, -1/70 HPs)
             Began as a Deep Dwarf Necromancer on Nov 19, 2015.
             Was a Follower of Ru.
             Slain by a hill giant
             ... wielding a +0 giant spiked club
              (33 damage)
             ... on level 6 of the Dungeon.
             The game lasted 00:07:08 (6331 turns).

gw the Grave Robber (Deep Dwarf Necromancer)        Turns: 6331, Time: 00:07:08

Health: -1/70      AC:  4    Str: 12    XL:     8   Next: 10%
Magic:  2/13       EV: 12    Int: 18    God:    Ru [*.....]
Gold:   315        SH:  0    Dex: 13    Spells: 5 memorised, 3 levels left

rFire  . . .     SeeInvis .     b - +0 arbalest
rCold  . . .     Clarity  .     e - +0 leather armour
rNeg   . . .     SustAt   .     (shield currently unavailable)
rPois  .         Gourm    .     l - +0 helmet (curse)
rElec  .         Spirit   .     (no cloak)
rCorr  .         Warding  .     (no gloves)
rMut   .         Stasis   .     (no boots)
MR     +....                    (no amulet)
Stlth  ++........               (no ring)
                                (no ring)

@: very slightly contaminated, non-regenerating, somewhat resistant to hostile
enchantments, unstealthy
A: damage resistance, recharge devices, sense surroundings 1, slow regeneration
3, hated by all
a: Device Recharging, Renounce Religion


You were on level 6 of the Dungeon.
You worshipped Ru.
Ru was aware of your devotion.
You were hungry.

You visited 1 branch of the dungeon, and saw 6 of its levels.

You collected 315 gold pieces.

Inventory:

Hand Weapons
 a - a +0 hand axe
 b - a +0 arbalest (weapon)
Missiles
 g - 9 poisoned bolts (quivered)
 i - 22 bolts
Armour
 e - a +0 leather armour (worn)
 l - a cursed +0 helmet (worn)
Wands
 c - a wand of heal wounds (4)
 o - a wand of magic darts (25)
 q - a wand of flame (19)
 s - a wand of polymorph (12)
 u - a wand of disintegration (22)
Scrolls
 f - a scroll of amnesia
 k - a scroll of teleportation
 p - 3 scrolls of identify
Potions
 r - 3 potions of curing
Books
 m - a book of Necromancy

   Spells                             Type                      Level
   a - Pain                           Necromancy                   1
   b - Animate Skeleton               Necromancy                   1
   c - Vampiric Draining              Necromancy                   3
   d - Regeneration                   Charms/Necromancy            3
   e - Animate Dead                   Necromancy                   4
   f - Control Undead                 Necromancy                   4
 t - a book of Envenomations

   Spells                             Type                      Level
   a - Spider Form                    Transmutation/Poison         3
   b - Alistair's Intoxication        Transmutation/Poison         4
   c - Olgreb's Toxic Radiance        Poison                       4
   d - Poisonous Cloud                Conjuration/Poison/Air       6
Comestibles
 d - 2 bread rations
 h - a royal jelly
 j - 5 meat rations
 n - 3 beef jerkies


   Skills:
 + Level 3.6 Fighting
 + Level 3.2 Axes
 + Level 4.0 Armour
 - Level 2.1 Dodging
 - Level 2.4 Stealth
 * Level 4.9 Spellcasting
 + Level 6.1 Necromancy
 - Level 0.3 Evocations


You had 3 spell levels left.
You knew the following spells:

 Your Spells              Type           Power        Failure   Level  Hunger
a - Pain                  Necr           ####         1%          1    None
b - Animate Skeleton      Necr           N/A          1%          1    None
c - Vampiric Draining     Necr           ####......   6%          3    ###....
d - Animate Dead          Necr           N/A          17%         4    ####...
e - Control Undead        Necr           ####......   17%         4    ####...


Dungeon Overview and Level Annotations

Branches:
Dungeon (6/15)
 Temple: D:4-7

Altars:
Gozag
Kikubaaqudgha
Makhleb
Ru
Sif Muna
Zin


Innate Abilities, Weirdness & Mutations

You are resistant to damage.
You can recharge devices by infusing magical energy.
You passively map a small area around you.
You do not regenerate naturally.
You are hated by all.


Message History

Press: ? - help, Shift-Dir - straight line, f/p - giant frog
Aim: a giant frog (heavily wounded)
The giant frog is severely wounded.
You feel life coursing into your body. The giant frog hits you.
The giant frog completely misses you.
The hill giant hits you with a giant spiked club!!
Casting: Vampiric Draining
Confirm with . or Enter, or press ? or * to list all spells.
Aiming: Vampiric Draining
Press: ? - help, Shift-Dir - straight line, f/p - giant frog
Aim: a giant frog (severely wounded)
You kill the giant frog!
Your Armour skill increases to level 4!
You feel life coursing into your body.
Evoke which item? (* to show all) (? for menu, Esc to quit)
Zapping:
c - a wand of heal wounds (5)
Press: ? - help, Shift-Dir - straight line, f - you You feel much better.
This wand has 4 charges left.
The hill giant hits you with a giant spiked club!!
You die...

#..#.....# , ,
#..#....## , , * #,
#....#* , ,* #,
#..### *, *
#,,#.########+####,
* # #.............#
# ,#.............#
* # #.............#
* ####'########g#
*##...## #.C#, * ,
##.....## ..s.#
,,#......(##....#,*
#.......#.....# *
#[......#....##,
,##.....##.... *
##..(###..## * ,*
##### **


You could see a hill giant and a giant cockroach.

Table legend:
 A = Turns spent in this place as a percentage of turns spent in the entire game.
 B = Non-inter-level travel turns spent in this place as a percentage of non-inter-level travel turns spent in the entire game.
 C = Inter-level travel turns spent in this place as a percentage of turns spent in this place.
 D = Turns resting spent in this place as a percentage of non-inter-level travel turns spent in this place.
 E = Turns spent auto-exploring this place as a percentage of non-inter-level travel turns spent in this place.
 F = Non-inter-level travel turns spent in this place divided by the number of levels of this place that you've seen.
                   A       B       C       D       E      F
               +-------+-------+-------+-------+-------+----------------------
         Total | 100.0 | 100.0 |   0.8 |   2.9 |   2.8 | 1209.0
       Dungeon | 100.0 | 100.0 |   0.8 |   2.9 |   2.8 | 1209.0
               +-------+-------+-------+-------+-------+----------------------

Table legend:
 A = Kills in this place as a percentage of kills in entire the game.
 B = Kills by you in this place as a percentage of kills by you in the entire game.
 C = Kills by friends in this place as a percentage of kills by friends in the entire game.
 D = Other kills in this place as a percentage of other kills in the entire game.
 E = Experience gained in this place as a percentage of experience gained in the entire game.
 F = Experience gained in this place divided by the number of levels of this place that you have seen.
                   A       B       C       D       E      F
               +-------+-------+-------+-------+-------+----------------------
         Total | 100.0 | 100.0 | 100.0 | 100.0 | 100.0 | 261.0
       Dungeon | 100.0 | 100.0 | 100.0 | 100.0 | 100.0 | 261.0
               +-------+-------+-------+-------+-------+----------------------

Vanquished Creatures
  Grinder (D:5)
  2 sky beasts
  An ice beast (D:6)
  A phantom (D:5)
  A giant frog (D:6)
  A crimson imp (D:5)
  A giant frog skeleton (D:5)
  A jelly (D:3)
  A centaur skeleton (D:4)
  Jessica (D:2)
  5 worker ants
  A killer bee zombie (D:6)
  A hound skeleton (D:5)
  5 adders
  An adder skeleton (D:4)
  A worm (D:2)
  An orc (D:6)
  A ball python (D:3)
  7 bats
  5 giant cockroaches
  10 goblins
  4 hobgoblins
  6 jackals
  A ball python skeleton (D:4)
  A giant cockroach zombie (D:5)
  A giant gecko (D:2)
  A giant gecko skeleton (D:4)
  3 giant newts
  6 kobolds
  A quokka skeleton (D:5)
  4 rats
77 creatures vanquished.

Vanquished Creatures (collateral kills)
  A centaur skeleton (D:4)
  A worker ant (D:4)
  A jackal (D:2)
  A rat (D:1)
4 creatures vanquished.

Vanquished Creatures (others)
  An adder (D:2)
1 creature vanquished.

Grand Total: 82 creatures vanquished

Notes
Turn   | Place    | Note
--------------------------------------------------------------
     0 | D:1      | gw the Deep Dwarf Necromancer began the quest for the Orb.
     0 | D:1      | Reached XP level 1. HP: 15/15 MP: 3/3
     2 | D:1      | Learned a level 1 spell: Animate Skeleton
   632 | D:1      | Reached XP level 2. HP: 21/24 MP: 0/5
  1416 | D:1      | Learned a level 1 spell: Pain
  1443 | D:2      | Noticed Jessica
  1454 | D:2      | Killed Jessica
  1454 | D:2      | Reached skill level 1 in Fighting
  1454 | D:2      | Reached skill level 1 in Armour
  1454 | D:2      | Reached XP level 3. HP: 19/31 MP: 0/6
  1518 | D:2      | Learned a level 3 spell: Vampiric Draining
  1710 | D:2      | Your ally Jessica died
  1828 | D:2      | Reached XP level 4. HP: 38/38 MP: 3/7
  2176 | D:2      | Found an opulent altar of Gozag.
  2176 | D:2      | Found a glowing silver altar of Zin.
  2449 | D:3      | Found a sacrificial altar of Ru.
  3062 | D:3      | Reached XP level 5. HP: 35/45 MP: 2/9
  3094 | D:3      | Reached skill level 1 in Axes
  3162 | D:3      | Learned a level 4 spell: Animate Dead
  3578 | D:3      | Found a deep blue altar of Sif Muna.
  3584 | D:3      | Became a worshipper of Sif Muna the Loreminder
  3585 | D:3      | Fell from the grace of Sif Muna
  3623 | D:3      | Became a worshipper of Ru the Awakened
  3970 | D:4      | Reached skill level 5 in Necromancy
  4179 | D:4      | Reached XP level 6. HP: 25/52 MP: 3/11
  5144 | D:5      | Entered Level 5 of the Dungeon
  5201 | D:5      | Found an ancient bone altar of Kikubaaqudgha.
  5386 | D:5      | Reached XP level 7. HP: 43/61 MP: 8/13
  5427 | D:5      | Learned a level 4 spell: Control Undead
  5595 | D:5      | Noticed Grinder
  5598 | D:5      | Paralysed by Grinder for 4 turns
  5609 | D:5      | Paralysed by Grinder for 7 turns
  5624 | D:5      | Paralysed by Grinder for 4 turns
  5677 | D:5      | Killed Grinder
  5679 | D:5      | Gained mutation: You are hated by all. [Ru sacrifice]
  5679 | D:5      | Reached * piety under Ru
  6180 | D:6      | Found a burning altar of Makhleb.
  6236 | D:6      | Reached skill level 6 in Necromancy
  6236 | D:6      | Reached XP level 8. HP: 47/69 MP: 8/14
  6322 | D:6      | Noticed a hill giant
  6331 | D:6      | Slain by a hill giant

Action                   |  1- 3 |  4- 6 |  7- 9 || total
-------------------------+-------+-------+-------++-------
Melee: Short sword       |    20 |       |       ||    20
       Hand axe          |       |    44 |    88 ||   132
       Arbalest          |       |     2 |       ||     2
 Fire: Arbalest          |     6 |    12 |    10 ||    28
 Cast: Pain              |    54 |    94 |    22 ||   170
       Animate Skeleton  |    12 |     8 |       ||    20
       Animate Dead      |       |     4 |       ||     4
       Vampiric Draining |       |     1 |     2 ||     3
Invok: Renounce Religion |       |     1 |       ||     1
       Sacrifice Love    |       |       |     1 ||     1
 Abil: Device Recharging |       |       |     2 ||     2
Evoke: Wand              |     2 |     7 |     9 ||    18
  Use: Scroll            |     2 |     7 |     1 ||    10
       Potion            |     1 |     8 |     2 ||    11
  Eat: Chunk             |     4 |    11 |       ||    15
       Bread ration      |       |       |     1 ||     1

Vault maps used:
D:1:      scummos_arrival_simple_fountains, roderic_lattice_a
D:2:      grunt_temple_overflow_gold_and_silver, uniq_jessica
D:3:      nicolae_ru_awakened_eye, serial_glass, glass_columns_c,
          glass_columns_b, glass_columns_b, led_sif_pool
D:5:      kiku_gazebo_pond_becter, first_bread, mrwooster_statue_mirror,
          uniq_grinder
D:6:      minmay_opposing_rooms, kennysheep_little_box, lightli_temple_of_fire,
          nicolae_dithmenos_the_darkroom
